| TOP OF THE 1ST |
|
New York Mets batting - Pitching for Colorado Rockies : RHP Colin Lancey Jr.
|
|
Pitching: RHP Colin Lancey Jr.
|
|
|
Batting: RHB Finn Ross
|
0-0: Ball 1-0: Swinging Strike 1-1: Reached on error, E8 (Flyball, 8LD, EV 94.4 MPH)
|
|
Batting: LHB Kevin Bellman
|
0-0: Called Strike 0-1: Ball 1-1: Foul Ball, location: 2F 1-2: Strikes out swinging
|
|
Batting: SHB Sean Cook
|
0-0: Swinging Strike 0-1: Foul Ball, location: 2F 0-2: Ball 1-2: Ball 2-2: Foul Ball, location: 2F 2-2: Grounds into double play, 5-4-3 (Groundball, 56S, EV 83.1 MPH)
|
| Top of the 1st over - 0 runs, 0 hits, 1 error, 0 left on base; New York 0 - Colorado 0 |
| BOTTOM OF THE 1ST |
|
Colorado Rockies batting - Pitching for New York Mets : RHP Jeff Jank
|
|
Pitching: RHP Jeff Jank
|
|
|
Batting: SHB Eddie Quinones
|
0-0: Called Strike 0-1: TRIPLE (Flyball, 89XD, EV 105.6 MPH)
|
|
Batting: RHB Henry Alvizo
|
0-0: Fly out, F1 (Line Drive, P, EV 68.1 MPH)
|
|
Batting: RHB Joel Haycock
|
0-0: Ball 1-0: SINGLE (Line Drive, 8RS, EV 97.5 MPH) Eddie Quinones scores
|
|
Batting: LHB Shawn Morrison
|
0-0: Called Strike 0-1: Ball 1-1: Ball 2-1: Fly out, F6 (Popup, P, EV 85.0 MPH)
|
|
Batting: RHB Jason Andrews
|
0-0: Ball 1-0: Foul Ball, location: 2F 1-1: SINGLE (Groundball, 56D, EV 94.4 MPH) Joel Haycock to second
|
|
Batting: SHB Jon Munoz
|
0-0: Called Strike 0-1: Ball 1-1: Swinging Strike 1-2: Foul Ball, location: 2F 1-2: Foul Ball, location: 2F 1-2: Foul Ball, location: 2F 1-2: Strikes out swinging
|
| Bottom of the 1st over - 1 run, 3 hits, 0 errors, 2 left on base; New York 0 - Colorado 1 |
| TOP OF THE 2ND |
|
New York Mets batting - Pitching for Colorado Rockies : RHP Colin Lancey Jr.
|
|
Batting: SHB Nelle van den Berg
|
0-0: Ball 1-0: Foul Ball, location: 2F 1-1: Called Strike 1-2: Foul Ball, location: 2F 1-2: Ball 2-2: Foul Ball, location: 2F 2-2: Foul Ball, location: 2F 2-2: Ball 3-2: Foul Ball, location: 2F 3-2: Foul Ball, location: 2F 3-2: Base on Balls
|
|
Batting: SHB Roberto Magne
|
0-0: Called Strike Nelle van den Berg steals 2nd base (no throw) 0-1: Foul Ball, location: 2F 0-2: SINGLE (Groundball, 6S, EV 68.8 MPH) (infield hit) Nelle van den Berg to third
|
|
Batting: RHB Drtian Thaqi
|
0-0: Called Strike 0-1: Swinging Strike 0-2: Ball 1-2: Ball Wild Pitch! Nelle van den Berg scores Roberto Magne to second 2-2: DOUBLE (Flyball, 89D, EV 91.2 MPH) Roberto Magne scores
|
|
Batting: SHB Javy Rosa
|
0-0: Ball 1-0: Foul Ball, location: 2F 1-1: Ball 2-1: TRIPLE (Flyball, 89XD, EV 97.5 MPH) Drtian Thaqi scores
|
|
Batting: LHB Fabiano Perrolas
|
0-0: Called Strike 0-1: Ground out 6-3 (Groundball, 6M, EV 80.0 MPH) Javy Rosa scores
|
|
Batting: RHB Billy Walker
|
0-0: Ball 1-0: Ball 2-0: Ball 3-0: Foul Ball, location: 2F 3-1: Ground out 5-3 (Groundball, 56, EV 108.1 MPH)
|
|
Batting: RHB Finn Ross
|
0-0: Fly out, F5 (Popup, 5F, EV 76.9 MPH)
|
| Top of the 2nd over - 4 runs, 3 hits, 0 errors, 0 left on base; New York 4 - Colorado 1 |
| BOTTOM OF THE 2ND |
|
Colorado Rockies batting - Pitching for New York Mets : RHP Jeff Jank
|
|
Batting: SHB Andy Vivas
|
0-0: Swinging Strike 0-1: Ball 1-1: Ball 2-1: Ball 3-1: Fly out, F9 (Flyball, 89M, EV 78.1 MPH)
|
|
Batting: SHB Billy Encinias
|
0-0: Called Strike 0-1: Foul Ball, location: 2F 0-2: Fly out, F6 (Line Drive, 6, EV 65.0 MPH)
|
|
Batting: RHB Sterling Acosta
|
0-0: Ball 1-0: Ball 2-0: Called Strike 2-1: Fly out, F8 (Flyball, 8LD, EV 106.2 MPH)
|
| Bottom of the 2nd over - 0 runs, 0 hits, 0 errors, 0 left on base; New York 4 - Colorado 1 |
| TOP OF THE 3RD |
|
New York Mets batting - Pitching for Colorado Rockies : RHP Colin Lancey Jr.
|
|
Batting: LHB Kevin Bellman
|
0-0: Ball 1-0: Ball 2-0: Ball 3-0: Called Strike 3-1: Called Strike 3-2: Base on Balls
|
|
Batting: SHB Sean Cook
|
0-0: Ball Wild Pitch! Kevin Bellman to second 1-0: Ball 2-0: Ball 3-0: Base on Balls
|
|
Batting: SHB Nelle van den Berg
|
0-0: Fly out, F7 (Flyball, 7S, EV 86.2 MPH)
|
|
Batting: SHB Roberto Magne
|
0-0: Ball 1-0: Foul Ball, location: 2F 1-1: Grounds into double play, 4-6-3 (Groundball, 4, EV 99.4 MPH)
|
| Top of the 3rd over - 0 runs, 0 hits, 0 errors, 1 left on base; New York 4 - Colorado 1 |
| BOTTOM OF THE 3RD |
|
Colorado Rockies batting - Pitching for New York Mets : RHP Jeff Jank
|
|
Batting: SHB Eddie Quinones
|
0-0: Ball 1-0: Foul Ball, location: 2F 1-1: Ball 2-1: Ball 3-1: Called Strike 3-2: Base on Balls
|
|
Batting: RHB Henry Alvizo
|
0-0: Ball 1-0: Called Strike 1-1: Ball 2-1: Grounds into double play, 5-4-3 (Groundball, 56, EV 89.4 MPH)
|
|
Batting: RHB Joel Haycock
|
0-0: Ball 1-0: Fly out, F7 (Flyball, 7D, EV 80.0 MPH)
|
| Bottom of the 3rd over - 0 runs, 0 hits, 0 errors, 0 left on base; New York 4 - Colorado 1 |
| TOP OF THE 4TH |
|
New York Mets batting - Pitching for Colorado Rockies : RHP Colin Lancey Jr.
|
|
Batting: RHB Drtian Thaqi
|
0-0: Called Strike 0-1: Ball 1-1: Called Strike 1-2: Ball 2-2: Ball 3-2: Foul Ball, location: 2F 3-2: Strikes out swinging
|
|
Batting: SHB Javy Rosa
|
0-0: Ground out 1-3 (Groundball, 15S, EV 65.0 MPH)
|
|
Batting: LHB Fabiano Perrolas
|
0-0: Called Strike 0-1: Ball 1-1: SINGLE (Groundball, 34D, EV 105.6 MPH)
|
|
Batting: RHB Billy Walker
|
0-0: Called Strike 0-1: Ball 1-1: Ground out 4-3 (Groundball, 13, EV 90.6 MPH)
|
| Top of the 4th over - 0 runs, 1 hit, 0 errors, 1 left on base; New York 4 - Colorado 1 |
| BOTTOM OF THE 4TH |
|
Colorado Rockies batting - Pitching for New York Mets : RHP Jeff Jank
|
|
Batting: LHB Shawn Morrison
|
0-0: Swinging Strike 0-1: Called Strike 0-2: Ball 1-2: Foul Ball, location: 2F 1-2: Strikes out swinging
|
|
Batting: RHB Jason Andrews
|
0-0: Ball 1-0: Foul Ball, location: 2F 1-1: Foul Ball, location: 2F 1-2: Ground out 6-3 (Groundball, 6, EV 85.0 MPH)
|
|
Batting: SHB Jon Munoz
|
0-0: Ball 1-0: Foul Ball, location: 2F 1-1: Swinging Strike 1-2: SINGLE (Flyball, 8LS, EV 91.9 MPH)
|
|
Batting: SHB Andy Vivas
|
0-0: Ball Pickoff Throw to First - Error! E1 Jon Munoz to second 1-0: Called Strike 1-1: Ball 2-1: Ground out U3 (Groundball, 34S, EV 77.5 MPH)
|
| Bottom of the 4th over - 0 runs, 1 hit, 1 error, 1 left on base; New York 4 - Colorado 1 |
| TOP OF THE 5TH |
|
New York Mets batting - Pitching for Colorado Rockies : RHP Colin Lancey Jr.
|
|
Batting: RHB Finn Ross
|
0-0: Fly out, F9 (Flyball, 9, EV 91.9 MPH)
|
|
Batting: LHB Kevin Bellman
|
0-0: Ball 1-0: Called Strike 1-1: Ball 2-1: TRIPLE (Flyball, 9D, EV 105.0 MPH)
|
|
Batting: SHB Sean Cook
|
0-0: Ball 1-0: SINGLE (Line Drive, 9LS, EV 97.5 MPH) Kevin Bellman scores
|
|
Pitching: LHP Randy Rowland
|
|
|
Batting: SHB Nelle van den Berg
|
0-0: Ball 1-0: Called Strike 1-1: Ball 2-1: Foul Ball, location: 2F 2-2: Strikes out looking
|
|
Batting: SHB Roberto Magne
|
0-0: Ball 1-0: Ball 2-0: Foul Ball, location: 2F 2-1: Ball 3-1: SINGLE (Groundball, 6MD, EV 99.4 MPH) Sean Cook to second Runner from 2nd tries for 3rd, OUT! 8-5
|
| Top of the 5th over - 1 run, 3 hits, 0 errors, 1 left on base; New York 5 - Colorado 1 |
| BOTTOM OF THE 5TH |
|
Colorado Rockies batting - Pitching for New York Mets : RHP Jeff Jank
|
|
Batting: SHB Billy Encinias
|
0-0: Ball 1-0: DOUBLE (Flyball, 8RXD, EV 110.6 MPH)
|
|
Batting: RHB Sterling Acosta
|
0-0: Called Strike 0-1: Ball 1-1: Foul Ball, location: 2F 1-2: Ball 2-2: Ball 3-2: Foul Ball, location: 2F 3-2: TRIPLE (Flyball, 78XD, EV 103.8 MPH) Billy Encinias scores
|
|
Batting: SHB Eddie Quinones
|
0-0: Called Strike 0-1: Fly out, F8 (Line Drive, 8RD, EV 87.5 MPH) Runner from 3rd tags up, SCORES, throw by CF
|
|
Batting: RHB Henry Alvizo
|
0-0: Ground out 4-3 (Groundball, 4, EV 85.0 MPH)
|
|
Batting: RHB Joel Haycock
|
0-0: Ball 1-0: Foul Ball, location: 2F 1-1: Called Strike 1-2: Foul Ball, location: 2F 1-2: SINGLE (Groundball, 6D, EV 99.4 MPH)
|
|
Batting: LHB Shawn Morrison
|
0-0: Called Strike 0-1: DOUBLE (Line Drive, 9LM, EV 109.4 MPH) Joel Haycock to third
|
|
Batting: RHB Jason Andrews
|
0-0: Called Strike 0-1: Swinging Strike 0-2: Ball 1-2: Strikes out swinging
|
| Bottom of the 5th over - 2 runs, 4 hits, 0 errors, 2 left on base; New York 5 - Colorado 3 |
| TOP OF THE 6TH |
|
New York Mets batting - Pitching for Colorado Rockies : LHP Randy Rowland
|
|
Batting: RHB Drtian Thaqi
|
0-0: Foul Ball, location: 2F 0-1: Ball 1-1: Ball 2-1: Ball 3-1: Base on Balls
|
|
Batting: SHB Javy Rosa
|
0-0: Fielders Choice at 2nd, 3-6 (Groundball, 34S, EV 81.9 MPH)
|
|
Batting: LHB Fabiano Perrolas
|
0-0: Ball 1-0: Foul Ball, location: 2F 1-1: Ball 2-1: Ball 3-1: SINGLE (Flyball, 6D, EV 89.4 MPH) Javy Rosa to second
|
|
Batting: RHB Billy Walker
|
0-0: Ball 1-0: Swinging Strike 1-1: Ball 2-1: Grounds into double play, 4-6-3 (Groundball, 4, EV 88.1 MPH)
|
| Top of the 6th over - 0 runs, 1 hit, 0 errors, 1 left on base; New York 5 - Colorado 3 |
| BOTTOM OF THE 6TH |
|
Colorado Rockies batting - Pitching for New York Mets : RHP Jeff Jank
|
|
Batting: SHB Jon Munoz
|
0-0: Foul Ball, location: 2F 0-1: Foul Ball, location: 2F 0-2: Ball 1-2: Fly out, F7 (Flyball, 7LS, EV 88.8 MPH)
|
|
Batting: SHB Andy Vivas
|
0-0: Called Strike 0-1: Fly out, F7 (Flyball, 7, EV 83.8 MPH)
|
|
Batting: SHB Billy Encinias
|
0-0: Swinging Strike 0-1: Fly out, F9 (Flyball, 9D, EV 98.1 MPH)
|
| Bottom of the 6th over - 0 runs, 0 hits, 0 errors, 0 left on base; New York 5 - Colorado 3 |
| TOP OF THE 7TH |
|
New York Mets batting - Pitching for Colorado Rockies : LHP Randy Rowland
|
|
Pitching: LHP Eric Zielinski
|
|
|
Batting: RHB Finn Ross
|
0-0: Ball 1-0: Ball 2-0: Foul Ball, location: 2F 2-1: Ball 3-1: Called Strike 3-2: Ground out 6-3 (Groundball, 6, EV 85.0 MPH)
|
|
Batting: LHB Kevin Bellman
|
0-0: Ball 1-0: Ball 2-0: Swinging Strike 2-1: Ball 3-1: Called Strike 3-2: Foul Ball, location: 2F 3-2: Strikes out looking
|
|
Batting: SHB Sean Cook
|
0-0: Foul Ball, location: 2F 0-1: Called Strike 0-2: Ball 1-2: Foul Ball, location: 2F 1-2: Strikes out swinging
|
| Top of the 7th over - 0 runs, 0 hits, 0 errors, 0 left on base; New York 5 - Colorado 3 |
| BOTTOM OF THE 7TH |
|
Colorado Rockies batting - Pitching for New York Mets : RHP Jeff Jank
|
|
Batting: RHB Sterling Acosta
|
0-0: Foul Ball, location: 2F 0-1: Ball 1-1: SOLO HOME RUN (Flyball, 78XD, EV 101.9 MPH), Distance : 400 ft
|
|
Batting: SHB Eddie Quinones
|
0-0: Foul Ball, location: 2F 0-1: Fly out, F8 (Line Drive, 8LD, EV 95.6 MPH)
|
|
Batting: RHB Henry Alvizo
|
0-0: Ball 1-0: Called Strike 1-1: Called Strike 1-2: Fly out, F3 (Popup, 3SF, EV 78.8 MPH)
|
|
Batting: RHB Joel Haycock
|
0-0: Foul Ball, location: 2F 0-1: Swinging Strike 0-2: Ball 1-2: Ball 2-2: DOUBLE (Line Drive, 78XD, EV 108.1 MPH)
|
|
Pitching: RHP Robbie Beerbower
|
|
|
Batting: LHB Shawn Morrison
|
0-0: Called Strike 0-1: Ball 1-1: Fly out, F7 (Flyball, 7, EV 88.8 MPH)
|
| Bottom of the 7th over - 1 run, 2 hits, 0 errors, 1 left on base; New York 5 - Colorado 4 |
| TOP OF THE 8TH |
|
New York Mets batting - Pitching for Colorado Rockies : LHP Eric Zielinski
|
|
Pitching: RHP Tony Campos
|
|
|
Batting: SHB Nelle van den Berg
|
0-0: Fly out, F5 (Popup, 56, EV 65.6 MPH)
|
|
Batting: SHB Roberto Magne
|
0-0: Ball 1-0: Ball 2-0: Ball 3-0: Base on Balls
|
|
Batting: RHB Drtian Thaqi
|
0-0: Ball 1-0: Called Strike 1-1: Foul Ball, location: 2F 1-2: TRIPLE (Flyball, 9LD, EV 98.8 MPH) Roberto Magne scores
|
|
Batting: SHB Javy Rosa
|
0-0: Swinging Strike 0-1: Ground out 6-3 (Groundball, 6, EV 85.0 MPH) Drtian Thaqi scores
|
|
Batting: LHB Fabiano Perrolas
|
0-0: Ball 1-0: Ball 2-0: Foul Ball, location: 2F 2-1: Ball 3-1: Base on Balls
|
|
Batting: RHB Billy Walker
|
0-0: SINGLE (Line Drive, 6MD, EV 96.9 MPH) Fabiano Perrolas to second
|
|
Batting: RHB Finn Ross
|
0-0: Ball 1-0: Fly out, F8 (Flyball, 8RD, EV 96.2 MPH)
|
| Top of the 8th over - 2 runs, 2 hits, 0 errors, 2 left on base; New York 7 - Colorado 4 |
| BOTTOM OF THE 8TH |
|
Colorado Rockies batting - Pitching for New York Mets : RHP Robbie Beerbower
|
|
Batting: RHB Jason Andrews
|
0-0: Swinging Strike 0-1: Ball 1-1: Ground out 6-3 (Groundball, 6, EV 105.0 MPH)
|
|
Batting: SHB Jon Munoz
|
0-0: Swinging Strike 0-1: Ball 1-1: Ball 2-1: Ground out 6-3 (Groundball, 6, EV 105.6 MPH)
|
|
Batting: SHB Andy Vivas
|
0-0: Ball 1-0: Ball 2-0: Ground out 4-3 (Groundball, 4M, EV 98.8 MPH)
|
| Bottom of the 8th over - 0 runs, 0 hits, 0 errors, 0 left on base; New York 7 - Colorado 4 |
| TOP OF THE 9TH |
|
New York Mets batting - Pitching for Colorado Rockies : RHP Tony Campos
|
|
Pitching: RHP Nate Dallman
|
|
|
Batting: LHB Kevin Bellman
|
0-0: Swinging Strike 0-1: Called Strike 0-2: Strikes out looking
|
|
Batting: SHB Sean Cook
|
0-0: Ball 1-0: Ball 2-0: Called Strike 2-1: SINGLE (Line Drive, 7S, EV 106.2 MPH)
|
|
Batting: SHB Nelle van den Berg
|
0-0: Ball 1-0: Ball Sean Cook steals 2nd, throwing error, E2 Sean Cook to third 2-0: Intentional Walk
|
|
Batting: SHB Roberto Magne
|
0-0: Foul Ball, location: 2F 0-1: Foul Ball, location: 2F 0-2: Strikes out swinging
|
|
Batting: RHB Drtian Thaqi
|
0-0: Ball 1-0: Called Strike 1-1: Swinging Strike 1-2: Ball 2-2: Foul Ball, location: 2F 2-2: DOUBLE (Line Drive, 9LM, EV 95.0 MPH) Sean Cook scores Nelle van den Berg to third Runner from 3rd tries for Home, SAFE, no throw by RF
|
|
Batting: SHB Javy Rosa
|
0-0: Ball 1-0: Ball 2-0: Called Strike 2-1: Called Strike 2-2: Foul Ball, location: 2F 2-2: Strikes out swinging
|
| Top of the 9th over - 2 runs, 2 hits, 1 error, 1 left on base; New York 9 - Colorado 4 |
| BOTTOM OF THE 9TH |
|
Colorado Rockies batting - Pitching for New York Mets : RHP Robbie Beerbower
|
|
Now in RF: Antonio Aranda
|
|
|
Batting: SHB Billy Encinias
|
0-0: Ball 1-0: Called Strike 1-1: Foul Ball, location: 2F 1-2: Ball 2-2: Ball 3-2: Reached on error, E3 (Groundball, 34, EV 86.2 MPH)
|
|
Batting: RHB Sterling Acosta
|
0-0: Ball 1-0: Swinging Strike 1-1: Called Strike 1-2: Strikes out swinging
|
|
Batting: SHB Eddie Quinones
|
0-0: Ball 1-0: Called Strike 1-1: Ball 2-1: Foul Ball, location: 2F 2-2: Foul Ball, location: 2F 2-2: Strikes out swinging
|
|
Batting: RHB Henry Alvizo
|
0-0: Foul Ball, location: 2F 0-1: Called Strike 0-2: Ball 1-2: DOUBLE (Line Drive, 7LM, EV 111.2 MPH) Billy Encinias scores
|
|
Batting: RHB Joel Haycock
|
0-0: Foul Ball, location: 2F 0-1: Fly out, F9 (Line Drive, 9, EV 94.4 MPH)
|
| Bottom of the 9th over - 1 run, 1 hit, 1 error, 1 left on base; New York 9 - Colorado 5 |
|